[Event "Late-Titled-Tuesday-Blitz-February-27-2024"]
[Site "Chess.com"]
[Date "2024.02.27"]
[Round "11"]
[White "Kgutierrez95"]
[Black "Tugrik1969"]
[Result "0-1"]
[WhiteElo "2220"]
[BlackElo "2390"]
[TimeControl "180+1"]
[EndTime "16:06:15 PST"]
[Termination "Tugrik1969 won by resignation"]

1. e4 c5 2. Nf3 d6 3. d4 cxd4 4. Nxd4 Nf6 5. Nc3 g6 6. Be3 Bg7 7. f3 O-O 8. Qd2 Nc6 9. Bc4 Bd7 10. Bb3 Rc8 11. O-O-O Ne5 12. Kb1 Re8 13. h4 h5 14.
g4 hxg4 15. h5 Nxh5 16. Rdg1 Qa5 17. Bh6 Bf6 18. Bg5 Nc4 19. Bxc4 Bxg5 20. Qd3 g3 21. Bb3 Nf4 22. Qd2 Rxc3 23. bxc3 Nh3 24. Qd3 Nxg1 25. e5 Qxe5 26. Qxg6+ Qg7 27. Bxf7+ Kf8 28. Bxe8 Qxg6 29. Bxg6 Nh3 30. Ne2 g2 31. Rd1 Be3 32. Be4 b6 33. c4 Be6 34. Bd3 Kf7 35. f4 Bg4 36. Re1 Bxe2 37.
Bxe2 g1=Q 38. Rxg1 Nxg1 39. Bd3 Bxf4 40. Be4 Ne2 41. Kb2 Be5+ 42. Kb3 Nc3 43. Kb4 Nxe4 44.
Kb5 Nc3+ 0-1

[Event "Late-Titled-Tuesday-Blitz-February-27-2024"]
[Site "Chess.com"]
[Date "2024.02.27"]
[Round "11"]
[White "SergioMoralesG"]
[Black "kai_nov"]
[Result "0-1"]
[WhiteElo "2508"]
[BlackElo "2360"]
[TimeControl "180+1"]
[EndTime "16:06:16 PST"]
[Termination "kai_nov won by checkmate"]

1. d4 d5 2. c4 e6 3. Nf3 c6 4. Qc2 dxc4 5. Qxc4 b5 6. Qc2 Bb7 7. g3 Nd7 8. Bg2 c5 9. O-O Ngf6 10. Rd1 Rc8 11. Qb3 Qb6 12. a4 b4 13. a5 Qb5 14. Nc3 Qa6 15. Na4 Qxe2 16. Re1 Qa6 17. Nxc5 Nxc5 18. dxc5 Bxc5 19. Be3 Bd5 20. Qa4+ Bc6 21.
Qb3 Bxe3 22. Rxe3 Qb7 23. a6 Qe7 24. Rd1 O-O 25. Red3 Bd5 26. Qa4 Rfd8 27. Ne5 Bxg2 28. Kxg2 Nd5 29. Qb5 Qc7 30. Nf3 h6 31. Rd4 Qc6 32.
Qa5 Rd6 33. Ne5 Qxa6 34. Qxa6 Rxa6 35. h4 Rc2 36. h5 Rxb2 37. Rc1 Raa2 38. Rc8+ Kh7 39.
Ng4 f5 40. Ne5 Rxf2+ 41. Kg1 Ne3 42. Rd5 Rf1# 0-1

[Event "Late-Titled-Tuesday-Blitz-February-27-2024"]
[Site "Chess.com"]
[Date "2024.02.27"]
[Round "11"]
[White "GHANDEEVAM2003"]
[Black "Njal28"]
[Result "1-0"]
[WhiteElo "3072"]
[BlackElo "3045"]
[TimeControl "180+1"]
[EndTime "16:06:19 PST"]
[Termination "GHANDEEVAM2003 won on time"]

1. c4 g6 2. d4 Bg7 3. e4 c5 4. d5 d6 5. Be2 Nf6 6. Nc3 O-O 7.
Nf3 e6 8. Be3 exd5 9. cxd5 b5 10. e5 dxe5 11. Bxc5 Re8 12. Bxb5 Nbd7 13. Bxd7 Nxd7 14. Be3 Ba6 15. a4 e4 16. Nd4 Ne5 17. Nc6 Nd3+ 18. Qxd3 exd3 19. Nxd8 Raxd8 20. Kd2 Bxc3+ 21. bxc3 Rxd5 22. Rab1 Rd7 23. Rb4 f5 24. Rhb1 Kf7 25. h4 Re6 26. R1b3 Rc6 27. g3 Re6 28. c4 Red6 29. c5 Re6 30. Rb8 Re4 31. c6 Rc7 32. R8b7 Ree7 33. Rxc7 Rxc7 34. Rc3 Ke6 35.
Bf4 Re7 36. Rc5 Re8 37. Kc3 Rc8 38. c7 Kd7 39. Ra5 Bb7 40. Kxd3 Be4+ 41. Kd4 Kc6 42. Re5 Kb7 43. Rb5+ Kc6 44. Rb8 Kd7 45. a5 a6 46.
Be5 Bc6 47. Ke3 1-0

[Event "Late-Titled-Tuesday-Blitz-February-27-2024"]
[Site "Chess.com"]
[Date "2024.02.27"]
[Round "11"]
[White "DefiantChair"]
[Black "pooh2012"]
[Result "1-0"]
[WhiteElo "2666"]
[BlackElo "2491"]
[TimeControl "180+1"]
[EndTime "16:06:19 PST"]
[Termination "DefiantChair won by resignation"]

1. e4 c6 2. d4 d5 3. e5 Bf5 4. Nf3 e6 5. Be2 Nd7 6. Nbd2 Bg6 7. O-O Nh6 8. Nb3 Nf5 9. a4 a6 10. a5 c5 11. c4 dxc4 12. Bxc4 cxd4 13. Nbxd4 Qc7 14. Qa4 Nxd4 15. Nxd4 Rc8 16. Bb3 Bc5 17. Rd1 O-O 18. Nxe6 Bxf2+ 19. Kh1 Nc5 20. Nxc7 Nxa4 21.
Rxa4 Rxc7 22. Rf4 Bc5 23. e6 fxe6 24. Bxe6+ Bf7 25. Rxf7 Rfxf7 26. Bf4 Kf8 27. Bxf7 Rxf7 28. Bg3 Ke7 29. h3 Rf5 30. Rc1 Bd6 31. Re1+ Kd7 32. Rd1 Rf6 33. Be5 Rg6 34. Bc3 Kc6 35. g4 Bc5 36.
Kg2 h5 37. Kg3 hxg4 38. hxg4 Bd6+ 39. Kh4 Rh6+ 40. Kg5 Be7+ 41. Kf5 Bf6 42. g5 Rh5 43. Bxf6 gxf6 44. Kxf6 Rh2 45. g6 Rf2+ 46. Ke7 Rxb2 47. Rg1 Re2+ 48. Kf7 Rf2+ 49. Kg8 Kb5 50. Rg5+ Kb4 51.
g7 Rf1 52. Kh7 Rh1+ 53. Kg6 1-0

[Event "Late-Titled-Tuesday-Blitz-February-27-2024"]
[Site "Chess.com"]
[Date "2024.02.27"]
[Round "11"]
[White "WPWPWP-2015"]
[Black "Unkreativ3"]
[Result "1/2-1/2"]
[WhiteElo "2452"]
[BlackElo "2589"]
[TimeControl "180+1"]
[EndTime "16:06:22 PST"]
[Termination "Game drawn by repetition"]

1. e4 c6 2. d4 d5 3. Nc3 dxe4 4. Nxe4 Bf5 5. Ng3 Bg6 6. h4 h6 7. N1e2 Nf6 8. Nf4 Bh7 9. Bc4 e6 10. Qe2 Nd5 11. Ngh5 g6 12. Ng3 Be7 13. h5 g5 14.
Nd3 Nd7 15. Bd2 b5 16. Bb3 a5 17. a3 N7f6 18. Ne5 Nf4 19. Qf3 N6d5 20. Nxc6 Qc7 21. Nxe7 Kxe7 22. O-O a4 23. Ba2 Qxc2 24. Bxf4 gxf4 25.
Bxd5 exd5 26. Rfe1+ Be4 27. Nxe4 dxe4 28. Rxe4+ Kf8 29. Re2 Qc8 30. Qxf4 Ra6 31. Rae1 Qc6 32. Re8+ Kg7 33. Qe5+ Qf6 34. Qg3+ Qg5 35. Qb8 Rxe8 36.
Rxe8 Qxh5 37. Rg8+ Kh7 38. Rh8+ Kg6 39. Qg8+ Kf6 40.
Qd8+ Kg6 41. Rg8+ Kh7 42. Rh8+ Kg6 43. Rg8+ Kh7 44. Qf8 Qd1+ 45. Kh2 Qh5+ 46. Kg1 Qd1+ 47. Kh2 Qh5+ 48. Kg1 1/2-1/2

[Event "Late-Titled-Tuesday-Blitz-February-27-2024"]
[Site "Chess.com"]
[Date "2024.02.27"]
[Round "11"]
[White "Nemsko"]
[Black "GlavkonVVS"]
[Result "0-1"]
[WhiteElo "2410"]
[BlackElo "2529"]
[TimeControl "180+1"]
[EndTime "16:06:22 PST"]
[Termination "GlavkonVVS won by resignation"]

1. e4 Nf6 2. e5 Nd5 3. d4 d6 4. c4 Nb6 5. exd6 cxd6 6. h3 g6 7. Nf3 Bg7 8. Be3 O-O 9. Nc3 Nc6 10. Be2 e5 11. O-O h6 12. Qd2 Kh7 13. Rad1 Bf5 14. d5 Ne7 15. c5 Nbc8 16. Nb5 a6 17. cxd6 Nxd6 18. Nxd6 Qxd6 19. Qa5 Rfc8 20. b4 Bc2 21. Bc5 Qd7 22. Rd2 Be4 23. Bxe7 Qxe7 24. d6 Qd7 25. Nxe5 Qe6 26. f4 b5 27. Qb6 Rd8 28. Rfd1 Bf8 29. Bg4 f5 30. Qc7+ Kg8 31. Bf3 Bxf3 32. Nxf3 Rd7 33.
Qc6 Rad8 34. Ne5 Rxd6 35. Rxd6 Rxd6 36. Rxd6 Qxd6 37. Qxd6 Bxd6 38. Nd3 Kf7 39. Kf2 Ke6 40. Ke3 Kd5 41. g4 fxg4 42. hxg4 h5 43. gxh5 gxh5 44. Kf3 Kd4 45. Nf2 Bxb4 46. Ne4 Be7 47. Ng3 Kc3 48. Nxh5 Kb2 49. Ke4 Kxa2 50. Ng3 b4 51. Nf5 Bf8 52.
Ne3 b3 53. Nd1 a5 54. Kd3 a4 55. Nc3+ Ka3 56. Nb5+ Kb4 57. Nd4 Bg7 58. Ne6 Bf6 59. Kd2 a3 60. Kc1 a2 0-1

[Event "Late-Titled-Tuesday-Blitz-February-27-2024"]
[Site "Chess.com"]
[Date "2024.02.27"]
[Round "11"]
[White "Rutricks"]
[Black "Bugcrusher"]
[Result "1-0"]
[WhiteElo "2706"]
[BlackElo "2595"]
[TimeControl "180+1"]
[EndTime "16:06:24 PST"]
[Termination "Rutricks won by resignation"]

1. c4 b6 2. Nf3 Bb7 3. Nc3 Bxf3 4. gxf3 c5 5. a3 Nc6 6. b4 cxb4 7. axb4 Nxb4 8.
Qa4 Nc6 9. Bg2 e6 10. f4 Nge7 11. f5 Rc8 12. fxe6 fxe6 13. Ba3 Nf5 14. Bxf8 Rxf8 15.
Bxc6 Rxc6 16. Qxa7 Kf7 17. d3 Kg8 18. Rg1 Qf6 19.
Ne4 Qd4 20. Qa3 Nd6 21. e3 Qe5 22. f4 Qa5+ 23. Qxa5 bxa5 24. Nxd6 Rxd6 25. Kd2 Rb8 26. Kc3 Ra6 27. Ra4 Kf7 28. Rg5 Rb1 29. h4 Rab6 30. Ra3 a4 31. Kd4 R6b3 32. Rxb3 Rxb3 33. Ra5 a3 34.
Ra7 Ke7 35. c5 h5 36. c6 a2 37. Rxd7+ Ke8 38. Ra7 Rb2 39. Ra8+ Ke7 40. c7 Rc2 41. Rxa2 Rxc7 42. Ke4 Rc1 43. d4 Kf6 44. Ra6 Kf7 45. Ke5 Re1 46. e4 Re2 47. Ra7+ Kg6 48. Re7 Rh2 49. Rxe6+ Kf7 50. d5 Rxh4 51. d6 Rh1 52. d7 Kf8 53. d8=Q+ 1-0

[Event "Late-Titled-Tuesday-Blitz-February-27-2024"]
[Site "Chess.com"]
[Date "2024.02.27"]
[Round "11"]
[White "jinxy2009"]
[Black "ChessFanNM"]
[Result "1-0"]
[WhiteElo "2184"]
[BlackElo "2290"]
[TimeControl "180+1"]
[EndTime "16:06:24 PST"]
[Termination "jinxy2009 won by resignation"]

1. e4 c6 2. d4 d5 3. e5 Bf5 4. h4 h5 5. Bd3 Bxd3 6. Qxd3 Qa5+ 7. Nd2 Qa6 8. c4 e6 9. Ngf3 Nh6 10. O-O Nf5 11. Rd1 Nd7 12. b3 Be7 13. a4 Nxh4 14.
Nxh4 Bxh4 15. Ba3 Be7 16. Bxe7 Kxe7 17. b4 dxc4 18. Nxc4 Nb6 19. b5 cxb5 20. Nd6 b4 21. Qf3 Raf8 22. d5 Nxd5 23. Nf5+ exf5 24. Qxd5 Qc6 25.
Qd4 Rd8 26. Qh4+ f6 27. exf6+ Qxf6 28. Qxb4+ Kf7 29. Qxb7+ Kg6 30. Qxa7 h4 31. Qc7 Rxd1+ 32.
Rxd1 Re8 33. a5 Re7 34. Qb6 Re6 35. Qb5 Re5 36. Qb6 Re6 37. Qb3 Kh7 38. Rb1 Rc6 39.
Qb4 f4 40. Qe4+ Qg6 41. Qxg6+ Kxg6 42. Rb6 Kf5 43. Rxc6 1-0

[Event "Late-Titled-Tuesday-Blitz-February-27-2024"]
[Site "Chess.com"]
[Date "2024.02.27"]
[Round "11"]
[White "1g60-1"]
[Black "rdarruda"]
[Result "1-0"]
[WhiteElo "2375"]
[BlackElo "2491"]
[TimeControl "180+1"]
[EndTime "16:06:25 PST"]
[Termination "1g60-1 won by resignation"]

1. Nf3 d5 2. e3 c6 3. c4 Nf6 4. d4 g6 5. Nc3 Bg7 6. Bd3 O-O 7.
O-O b6 8. h3 Bb7 9. cxd5 Nxd5 10. Nxd5 Qxd5 11. Qc2 Na6 12. a3 c5 13. e4 Qh5 14. d5 Rac8 15. Qa4 c4 16. Be2 c3 17. b4 Nc7 18. Qxa7 Ba8 19. Bf4 e5 20. Be3 f5 21. Rfe1 fxe4 22. Ng5 Qh6 23. Ne6 g5 24. Nxf8 Bxf8 25. Rac1 Ne8 26. Ba6 Rd8 27. Rxc3 Nd6 28. Qxb6 Be7 29. Rc7 Qf8 30. Rec1 Bxd5 31. Bc5 Qf4 32.
Be3 Qf8 33. Qc5 Nf5 34. Qa7 Ra8 35. Qxa8 Qxa8 36. Rc8+ Qxc8 37. Rxc8+ Kf7 38. Rc7 Ke6 39. Bc8+ Kd6 40. Rd7+ Kc6 41. Rxd5 Kxd5 42. Bb7+ Ke6 43. Bxe4 Nxe3 44. fxe3 h6 45. Kf2 Bd8 46. Kg3 Bb6 47.
Kf3 Bc7 48. a4 Bd6 49. b5 Bc7 50. Kg4 Bb6 51. Kh5 Bxe3 52. g4 Bb6 53. Kxh6 Kf6 54. Kh5 Bd8 55. Kh6 Ke6 56. Kg6 Kd6 57. Kf5 Kc5 58.
Kxe5 Kb4 59. Bc2 Kc3 60. Bd1 Kd2 61. Bf3 Kc2 62. Kd6 Kb3 63. Kd7 Ba5 64. Bd1+ Kb4 65. Kc6 Kc4 66. b6 Kd4 67. b7 1-0

[Event "Late-Titled-Tuesday-Blitz-February-27-2024"]
[Site "Chess.com"]
[Date "2024.02.27"]
[Round "11"]
[White "ritanovikova"]
[Black "Godzillator"]
[Result "0-1"]
[WhiteElo "2227"]
[BlackElo "2359"]
[TimeControl "180+1"]
[EndTime "16:06:25 PST"]
[Termination "Godzillator won by resignation"]

1. e4 d5 2. exd5 Qxd5 3. Nc3 Qd6 4. Nf3 c6 5. d4 Bg4 6. h3 Bxf3 7. gxf3 Nf6 8. Be3 e6 9. a3 Nbd7 10. Qd2 Qc7 11.
O-O-O Bd6 12. Ne4 Be7 13. Bf4 Qb6 14. Nd6+ Bxd6 15. Bxd6 O-O-O 16. Qg5 Ne8 17. Bh2 f6 18. Qg3 Qc7 19. Qh4 Qa5 20. Bc4 Nc7 21. Bxc7 Qxc7 22. Bxe6 Kb8 23. Qg3 Nb6 24. Rhg1 g6 25. h4 Rhe8 26.
Bb3 Re2 27. a4 a5 28. h5 g5 29. c3 h6 30. Rge1 Qxg3 31. fxg3 Rde8 32. Rxe2 Rxe2 33. f4 gxf4 34. gxf4 Rh2 35. Rg1 Rxh5 36. Rg6 Rf5 37. Rxh6 Rxf4 38. Rh5 f5 39. Be6 Rf1+ 40. Kc2 f4 41. Kb3 f3 42. Rf5 f2 43. Rf3 Kc7 44. Bc4 Nxc4 45. Kxc4 Kd6 46. Kd3 Rd1+ 47. Ke2 Rb1 48.
Rxf2 Rxb2+ 49. Ke3 Rxf2 50. Kxf2 Kd5 51. Ke3 Kc4 52.
Kd2 Kb3 53. Kd3 Kxa4 54. c4 Kb4 55. d5 cxd5 56. cxd5 Kc5 57. Ke4 Kd6 58. Kd4 b5 59. Ke4 a4 60. Kd4 b4 61. Kc4 b3 62. Kc3 Kxd5 63.
Kb2 Kc5 64. Ka3 Kc4 65. Kb2 Kb4 66. Kb1 a3 67. Ka1 Kc3 68. Kb1 b2 69. Ka2 Kc2 70. Kxa3 b1=Q 71. Ka4 Qb6 0-1

[Event "Late-Titled-Tuesday-Blitz-February-27-2024"]
[Site "Chess.com"]
[Date "2024.02.27"]
[Round "11"]
[White "mac0504"]
[Black "bazar-wokzal"]
[Result "1-0"]
[WhiteElo "2719"]
[BlackElo "2609"]
[TimeControl "180+1"]
[EndTime "16:06:27 PST"]
[Termination "mac0504 won by resignation"]

1. c4 e5 2. Nc3 Nf6 3. e3 Bb4 4. Nge2 O-O 5. a3 Bxc3 6. Nxc3 Re8 7. Be2 c6 8. O-O d5 9. cxd5 cxd5 10. d3 Nc6 11. b4 a6 12. Bb2 Bf5 13. Rc1 Rc8 14. Na4 Qe7 15. Qb3 h5 16. Nc5 h4 17. h3 Red8 18. a4 Rd6 19. Ba3 Ne8 20. b5 axb5 21. axb5 Na5 22. Qb2 Rg6 23. Kh2 Qg5 24. Rg1 b6 25.
Na4 Rxc1 26. Qxc1 Nf6 27. Nxb6 e4 28. d4 Nb3 29. Qd1 Na5 30. Bd6 Ng4+ 31. hxg4 Rxd6 32.
gxf5 Rxb6 33. Qa4 Nc4 34. Qa8+ Kh7 35. Qxd5 Nxe3 36. fxe3 Qxe3 37. Bh5 Rh6 38. Bxf7 Qg3+ 39. Kh1 h3 40. Bg6+ Rxg6 41. fxg6+ Kh6 42. Qe5 hxg2+ 43. Rxg2 Qe1+ 44. Rg1 Qh4+ 45. Qh2 Qxh2+ 46. Kxh2 1-0

[Event "Late-Titled-Tuesday-Blitz-February-27-2024"]
[Site "Chess.com"]
[Date "2024.02.27"]
[Round "11"]
[White "GiorgianBarbosa"]
[Black "PepeCuenca"]
[Result "1/2-1/2"]
[WhiteElo "2535"]
[BlackElo "2691"]
[TimeControl "180+1"]
[EndTime "16:06:27 PST"]
[Termination "Game drawn by repetition"]

1. c4 Nf6 2. g3 e6 3. Bg2 d5 4. Nf3 Be7 5. O-O O-O 6. b3 d4 7. e3 c5 8. Ba3 Nc6 9. exd4 cxd4 10.
Bxe7 Qxe7 11. d3 e5 12. Re1 Qd6 13. a3 a5 14. Nbd2 h6 15. Qc2 Qc7 16. c5 Be6 17.
Nc4 Nd7 18. Rac1 Nxc5 19. Ncxe5 Nxb3 20. Rb1 a4 21. Nxc6 bxc6 22. Ne5 Qd6 23. Qxc6 Qxa3 24. Nc4 Bxc4 25. Qxc4 Rac8 26. Qa6 Qb4 27. Bd5 Rb8 28. Qa7 Kh8 29. Re7 Qb6 30. Bxf7 Qf6 31. f4 Ra8 32. Qd7 Nc5 33. Qc7 Nxd3 34. Bd5 a3 35.
Bxa8 a2 36. Ra1 Rxa8 37. Qd7 Nb4 38. Re8+ Rxe8 39. Qxe8+ Kh7 40. Qe4+ Kh8 41. Qe8+ Kh7 42. Qe4+ Kh8 43. Qa8+ Kh7 44. Qe4+ 1/2-1/2

[Event "Late-Titled-Tuesday-Blitz-February-27-2024"]
[Site "Chess.com"]
[Date "2024.02.27"]
[Round "11"]
[White "Eloist"]
[Black "rhwr"]
[Result "1-0"]
[WhiteElo "2442"]
[BlackElo "2326"]
[TimeControl "180+1"]
[EndTime "16:06:29 PST"]
[Termination "Eloist won by resignation"]

1. e4 c5 2. Nf3 d6 3. Bb5+ Nd7 4. O-O a6 5. Bd3 Ngf6 6. Re1 g6 7. c3 Bg7 8. Bf1 O-O 9. d4 Qc7 10. a4 b6 11. h3 e5 12. d5 Rb8 13. c4 h6 14. Nc3 Nh7 15. Be3 f5 16. Nh4 f4 17.
Bd2 g5 18. Nf5 Ndf6 19. g3 Nxe4 20. Nxh6+ Bxh6 21. Nxe4 Nf6 22. Nxf6+ Rxf6 23. gxf4 gxf4 24. Kh2 Kh8 25. Bd3 Bf5 26. Bxf5 Rxf5 27. Qg4 Rg5 28. Qe6 Kh7 29. Rg1 Rbg8 30. Rxg5 Rxg5 31. Rg1 Rxg1 32. Kxg1 Bf8 33. Qf5+ Kg8 34. h4 Qh7 35.
Qxh7+ Kxh7 36. Kg2 Kg6 37. Kh3 Kh5 38. f3 Be7 39. Be1 Bd8 40. b4 Be7 41. a5 bxa5 42.
bxc5 a4 43. c6 Bd8 44. Bb4 Bc7 45. c5 dxc5 46. Bxc5 a3 47. Bxa3 Kg6 48. d6 Bb6 49. c7 Bxc7 50. dxc7 Kf7 51. c8=Q 1-0

[Event "Late-Titled-Tuesday-Blitz-February-27-2024"]
[Site "Chess.com"]
[Date "2024.02.27"]
[Round "11"]
[White "janhelmer03"]
[Black "yaguigor"]
[Result "0-1"]
[WhiteElo "2411"]
[BlackElo "2639"]
[TimeControl "180+1"]
[EndTime "16:06:30 PST"]
[Termination "yaguigor won on time"]

1. Nf3 d5 2. e3 Nf6 3. c4 c6 4. Nc3 e6 5. b3 Bd6 6. Bb2 O-O 7. d4 Nbd7 8. Be2 b6 9. O-O Bb7 10. Qc2 Qe7 11. e4 Nxe4 12. Nxe4 dxe4 13. Qxe4 Nf6 14.
Qc2 c5 15. dxc5 Bxc5 16. Rad1 Rad8 17. Ng5 e5 18. Bf3 h6 19. Bxb7 hxg5 20. Be4 Bd4 21. Bc1 Nxe4 22. Qxe4 f5 23. Qc2 g4 24. Qe2 e4 25. Bb2 Bc5 26. Rd5 Rxd5 27. cxd5 Rd8 28. Rd1 e3 29. fxe3 Qxe3+ 30. Qxe3 Bxe3+ 31. Kf1 f4 32. Ke2 Kf7 33. Bd4 Rxd5 34. Bxe3 Rxd1 35. Kxd1 fxe3 36.
Ke2 Ke6 37. Kxe3 Ke5 38. a3 a5 39. a4 g6 40. g3 g5 41. Kd3 Kd5 42. Ke3 Kc5 43.
Ke4 Kb4 44. Kf5 Kxb3 45. Kxg4 Kxa4 46. Kxg5 b5 47. h4 b4 48. h5 b3 49. h6 b2 50. h7 b1=Q 51. h8=Q Qc1+ 52. Kg4 Qd1+ 53. Kf4 Qd2+ 54. Kf3 Qd3+ 55. Kf4 Kb3 56. Qb8+ Kc3 57. g4 a4 58. g5 a3 59. Qa8 Qc4+ 0-1

[Event "Late-Titled-Tuesday-Blitz-February-27-2024"]
[Site "Chess.com"]
[Date "2024.02.27"]
[Round "11"]
[White "Sargsyan_Shant"]
[Black "DeTimmerman"]
[Result "1-0"]
[WhiteElo "2923"]
[BlackElo "2747"]
[TimeControl "180+1"]
[EndTime "16:06:31 PST"]
[Termination "Sargsyan_Shant won by resignation"]

1. c4 Nf6 2. Nc3 e5 3. Nf3 e4 4. Nd4 Nc6 5. Nc2 Be7 6. g3 d6 7. Bg2 Bf5 8. O-O h5 9. Ne3 Bg6 10. d4 exd3 11. exd3 h4 12. Re1 hxg3 13. hxg3 Qd7 14.
Ned5 O-O-O 15. Qa4 a6 16. Nxe7+ Nxe7 17. Qxd7+ Rxd7 18. d4 Nc6 19. Be3 Nb4 20. Rad1 Nc2 21. Re2 Nxe3 22. Rxe3 Rdd8 23. Rde1 Rde8 24. f3 Rxe3 25.
Rxe3 Kd7 26. Kf2 Re8 27. Bh3+ Kd8 28. Rxe8+ Nxe8 29. Ke3 c6 30. b4 f6 31. a4 b6 32. a5 bxa5 33. bxa5 Bf7 34. Bf1 c5 35. Na4 cxd4+ 36. Kxd4 Kc7 37. c5 Bb3 38. Nb6 dxc5+ 39. Kxc5 Kb7 40. f4 Nc7 41. Bg2+ Ka7 42. Nc8+ Kb8 43. Ne7 g5 44. Nc6+ Kc8 45. f5 Bc2 46.
Bf1 Kb7 47. Nd4 Be4 48. Bc4 Ne8 49. Bf7 Ng7 50. Bg6 Kc7 51. g4 Bd3 52. Bf7 Kd7 53. Bd5 Bf1 54. Bc6+ Kc7 55. Ne6+ 1-0

[Event "Late-Titled-Tuesday-Blitz-February-27-2024"]
[Site "Chess.com"]
[Date "2024.02.27"]
[Round "11"]
[White "GothamChess"]
[Black "Baronessa08"]
[Result "0-1"]
[WhiteElo "2670"]
[BlackElo "2559"]
[TimeControl "180+1"]
[EndTime "16:06:32 PST"]
[Termination "Baronessa08 won on time"]

1. e4 c5 2. a3 g6 3. Nc3 Bg7 4. Bc4 e6 5. d3 Ne7 6. Ba2 O-O 7. h4 d5 8. h5 Nbc6 9. hxg6 fxg6 10. Bg5 Qd6 11.
Nf3 a6 12. Qd2 b5 13. Bh6 Rf7 14. Ng5 Bxh6 15. Rxh6 Rg7 16. O-O-O b4 17. Nb1 bxa3 18.
bxa3 Qe5 19. Rdh1 Rb8 20. c3 Na5 21. Rxh7 Rxh7 22. Rxh7 Nec6 23. f4 Qf6 24. exd5 Nd4 25. cxd4 Qxd4 26. dxe6 Nb3+ 27. Bxb3 Rxb3 28. Rc7 Qg1+ 29.
Qd1 Rxb1+ 30. Kxb1 Qxd1+ 31. Kb2 Qd2+ 32. Ka1 Qc3+ 33.
Ka2 Qc2+ 34. Ka1 Qc1+ 35. Ka2 Qd2+ 36. Ka1 Bxe6 37. Nxe6 Qc3+ 38. Ka2 Qd2+ 39. Ka1 Qxd3 40. Rc8+ Kf7 41. Ng5+ Ke7 42. Rc7+ Kd8 43. Ne6+ Ke8 44. Ng7+ Kd8 45. Ne6+ Ke8 46. Nxc5 Qf1+ 47. Kb2 Qxg2+ 48. Kb3 Qf3+ 49. Kb4 Qxf4+ 0-1

[Event "Late-Titled-Tuesday-Blitz-February-27-2024"]
[Site "Chess.com"]
[Date "2024.02.27"]
[Round "11"]
[White "Mikhail646464"]
[Black "Viktor_Poddubnyi"]
[Result "1-0"]
[WhiteElo "2346"]
[BlackElo "2251"]
[TimeControl "180+1"]
[EndTime "16:06:32 PST"]
[Termination "Mikhail646464 won on time"]

1. d4 g6 2. c4 Bg7 3. Nc3 c5 4. Nf3 cxd4 5. Nxd4 Nc6 6. Nc2 Nf6 7.
e4 O-O 8. Be2 d6 9. O-O a6 10.
Be3 Bd7 11. f3 Qa5 12. a4 Rfc8 13. Qd2 Ne5 14. b3 Nc6 15. Rab1 Ng4 16. fxg4 Bxc3 17. Qd1 Bg7 18. h3 Ne5 19. Nd4 Nc6 20. Nxc6 Bxc6 21.
Bf3 Be5 22. Kh1 b5 23. axb5 axb5 24. Bd4 bxc4 25. bxc4 Rab8 26. Ra1 Qb4 27. Bxe5 dxe5 28. Qe2 Bd7 29. Rfd1 Be6 30. Rab1 Qxb1 31. Rxb1 Rxb1+ 32. Kh2 Rxc4 33. Qd2 Kg7 34. Qd8 Rb7 35. Qa8 Rbc7 36.
Qa5 f6 37. Qa6 Bf7 38. Qa5 R4c5 39. Qa8 R5c6 40. Qa4 Bc4 41. Qa1 Bf7 42. Qa5 Rc5 43. Qa4 Rc3 44. Qa6 1-0

[Event "Late-Titled-Tuesday-Blitz-February-27-2024"]
[Site "Chess.com"]
[Date "2024.02.27"]
[Round "11"]
[White "manitodeplomo"]
[Black "alexrustemov"]
[Result "1-0"]
[WhiteElo "2670"]
[BlackElo "2781"]
[TimeControl "180+1"]
[EndTime "16:06:33 PST"]
[Termination "manitodeplomo won on time"]

1. d4 d5 2. c4 c6 3. Nf3 Nf6 4. Nc3 a6 5. e3 b5 6. b3 Bg4 7. Be2 e6 8. O-O Bd6 9. Bb2 Nbd7 10.
Ne5 Bxe2 11. Nxe2 Qc7 12. cxd5 cxd5 13. Rc1 Qb8 14. Nxd7 Kxd7 15. h3 Rc8 16. Qd3 Rxc1 17. Rxc1 Qb7 18. f3 Rc8 19. Rxc8 Kxc8 20. g4 g6 21. Kf2 Kd7 22. Kg2 Qc6 23. Bc3 Ng8 24. e4 dxe4 25. fxe4 Ne7 26. Kf2 f5 27. gxf5 gxf5 28.
d5 exd5 29. exf5 Bc5+ 30. Bd4 Bxd4+ 31. Nxd4 Qf6 32. Kf3 Qh4 33. Kg2 Kd6 34. a4 Qg5+ 35. Kf3 Qh4 36. Ke2 Qh5+ 37. Kd2 Qg5+ 38. Kc2 Qg2+ 39.
Kc3 Qg1 40. axb5 Qe1+ 41. Kb2 Qf2+ 42. Ka3 axb5 43. Nxb5+ Kc5 44. Nc3 Qd4 45. Na4+ Kd6 46. Qxd4 Nc6 47. Qf6+ Kc7 48. Qg7+ Kd6 49. Qxh7 d4 50.
f6 1-0

[Event "Late-Titled-Tuesday-Blitz-February-27-2024"]
[Site "Chess.com"]
[Date "2024.02.27"]
[Round "11"]
[White "ckgchess"]
[Black "vi_pranav"]
[Result "1-0"]
[WhiteElo "2898"]
[BlackElo "3079"]
[TimeControl "180+1"]
[EndTime "16:06:35 PST"]
[Termination "ckgchess won on time"]

1. e4 e5 2. Nf3 Nc6 3. Bc4 Nf6 4. Ng5 d5 5. exd5 Na5 6. Bb5+ c6 7. dxc6 bxc6 8. Qf3 cxb5 9. Qxa8 Qc7 10. O-O Nc6 11. Nc3 Nd4 12. Nge4 Nxe4 13. Qxe4 Bb7 14. Qg4 h5 15.
Qd1 b4 16. Ne2 Nxc2 17. Rb1 h4 18. h3 Rh6 19. d4 Rg6 20. f3 Ba6 21. Rf2 Bxe2 22.
Qxe2 Nxd4 23. Qd3 Bc5 24. Be3 Qb6 25. Kh1 Rd6 26. Qh7 Ne6 27. Qh8+ Ke7 28. Qxh4+ f6 29.
Bxc5 Qxc5 30. Re2 a5 31. Rbe1 Kf7 32. Qh5+ Kf8 33. Re4 Qc2 34. Qf5 Kg8 35. Rxe5 Qxf5 36. Rxf5 Kf7 37. Rxa5 Nf4 38. g3 Nxh3 39. Kg2 Ng5 40.
Re2 Rd3 41. f4 Nh7 42. Ra7+ Kg6 43. Ree7 Kf5 44. Rxg7 Nf8 45. Rae7 Rd2+ 46. Kf3 1-0

[Event "Late-Titled-Tuesday-Blitz-February-27-2024"]
[Site "Chess.com"]
[Date "2024.02.27"]
[Round "11"]
[White "chessydotcom"]
[Black "Bilan_Danila"]
[Result "0-1"]
[WhiteElo "2340"]
[BlackElo "2543"]
[TimeControl "180+1"]
[EndTime "16:06:35 PST"]
[Termination "Bilan_Danila won by resignation"]

1. e4 c6 2. d4 d5 3. Nc3 b5 4. exd5 b4 5. Ne4 cxd5 6. Ng3 Nf6 7. Nf3 g6 8. Bb5+ Bd7 9. Bxd7+ Qxd7 10. O-O Bg7 11.
Ne5 Qc7 12. Bf4 Qb7 13. Qd2 O-O 14. Rfe1 e6 15. Bg5 Nc6 16. Qf4 Nd7 17. h4 Ncxe5 18. dxe5 Qc7 19. Qxb4 Nxe5 20. h5 Qxc2 21. Rac1 Nd3 22.
Qf4 Qxc1 23. Qxc1 Nxc1 24. Rxc1 Rfc8 25. Re1 Bxb2 26. h6 f6 27. Bd2 Kf7 28. f3 Rc2 29.
Be3 d4 30. Bf2 e5 31. Ne4 Ke6 32. Kf1 Rac8 33. g4 Rc1 34. Ke2 Rxe1+ 35. Bxe1 Bc1 36. Bb4 Bxh6 37. Nc5+ Kd5 38. Nd7 Rc2+ 39. Kd3 Rxa2 40. Nxf6+ Ke6 41. Nxh7 a5 42. Be1 Ra3+ 43. Ke2 Re3+ 44.
Kd1 Rxf3 45. g5 Bg7 46. Bxa5 Kf5 47. Bd2 Rh3 48. Nf6 Bxf6 49. gxf6 Kxf6 50. Ke2 Kf5 0-1

[Event "Late-Titled-Tuesday-Blitz-February-27-2024"]
[Site "Chess.com"]
[Date "2024.02.27"]
[Round "11"]
[White "Oleksandr_Bortnyk"]
[Black "js20000"]
[Result "0-1"]
[WhiteElo "3026"]
[BlackElo "2861"]
[TimeControl "180+1"]
[EndTime "16:06:36 PST"]
[Termination "js20000 won on time"]

1. e4 e6 2. Ke2 d5 3. e5 c5 4. f4 Nc6 5. Nf3 f6 6. exf6 Nxf6 7. d3 Bd6 8. Nc3 e5 9. fxe5 Nxe5 10. Bg5 O-O 11. Kd2 h6 12. Bxf6 Qxf6 13. Kc1 Nxf3 14. gxf3 Be5 15. Qe1 Bf5 16. Kb1 Rae8 17. Qd2 Bf4 18.
Qd1 Re5 19. a4 Rfe8 20. Ka2 Qe6 21. d4 cxd4 22. Qxd4 Be3 23. Qb4 a5 24. Qb3 Kh7 25. Rd1 d4 26. Bc4 dxc3 27. Qxc3 Qxc4+ 28. Qxc4 Be6 29. Qxe6 R5xe6 30. Rd7 b6 31. Rhd1 R8e7 32. Rd8 Bf4 33. c3 Re2 34. h4 Be5 35. Kb3 Bf6 36. h5 Rh2 37. R8d2 Rxh5 38. Rd6 Rb7 39. Rc6 b5 40. Rd2 bxa4+ 41. Kxa4 Rhb5 42. Ka3 Rb3+ 43. Ka2 a4 44. Ra6 a3 45. Rxa3 Rxa3+ 46. Kxa3 h5 47. Rh2 h4 48. b4 Kg6 49. c4 Kf5 50. c5 Kf4 51. c6 Rc7 52. b5 Kg3 53. Rc2 Bd4 54.
Rc4 Bf2 55. Rg4+ Kxf3 56. Rxh4 Bxh4 0-1